 Dungeon Crawl Stone Soup version 0.20.1-1-g8b1a95d (webtiles) character file.

98 slep the Cutter (level 4, -6/40 HPs)
             Began as a Demonspawn Wanderer on Oct 21, 2017.
             Was an Initiate of Cheibriados.
             Mangled by an ogre
             ... wielding a +0 giant club
              (7 damage)
             ... on level 4 of the Dungeon.
             The game lasted 00:20:40 (2518 turns).

slep the Cutter (Demonspawn Wanderer)               Turns: 2518, Time: 00:20:41

Health: -6/40      AC: 22    Str: 12    XL:     4   Next: 44%
Magic:  4/4        EV:  2    Int: 19    God:    Cheibriados [......]
Gold:   82         SH:  0    Dex: 11    Spells: 3/3 levels left

rFire    x . .     SeeInvis .   w - +0 spear
rCold    + . .     Gourm    .   (no shield)
rNeg     + + +     Faith    .   (armour currently unavailable)
rPois    +         Spirit   .   (helmet currently unavailable)
rElec    .         Reflect  .   (cloak currently unavailable)
rCorr    .         Harm     .   (gloves currently unavailable)
MR       .....     NoTele   +   (boots currently unavailable)
Stlth    ++........             (no amulet)
Regen    0.2/turn               y - ring of ice
MPRegen  0.1/turn               (no ring)

@: tree-form, starving, very slow
A: frail 2, powered by pain 1, rot immunity
a: Bend Time, Renounce Religion


You were on level 4 of the Dungeon.
You worshipped Cheibriados.
Cheibriados was noncommittal.
You were starving.
You were a tree.
You visited 2 branches of the dungeon, and saw 5 of its levels.

You collected 82 gold pieces.

Inventory:

Hand Weapons
 a - a +2 short sword
 b - a +0 spear
 d - a +0 blowgun
 f - a +0 dagger
 w - a +0 spear (weapon)
Missiles
 c - 13 poisoned needles
Armour
 e - a +0 robe
 i - a cursed +0 helmet (melded)
 k - a +0 leather armour (melded)
 n - a +0 cloak (melded)
 s - a +0 pair of gloves (melded)
 v - a cursed +0 pair of boots (melded)
 B - a +0 helmet
Jewellery
 y - a ring of ice (left branch)
Wands
 m - a wand of digging (4/24)
Scrolls
 j - a scroll of recharging {unknown}
 l - a scroll of magic mapping {unknown}
 o - 3 scrolls of identify {unknown}
 t - a scroll of fog {unknown}
 u - a scroll of amnesia {unknown}
 A - 2 scrolls of remove curse {unknown}
 C - a scroll of teleportation {unknown}
Potions
 p - a potion of resistance
 q - 2 potions of brilliance
 r - a potion of lignification
 x - 2 potions of curing {unknown}
 D - 2 potions of cancellation {unknown}
Comestibles
 g - 2 bread rations
 h - 2 meat rations
 z - a royal jelly


   Skills:
 + Level 2.4 Fighting
 + Level 4.6 Short Blades
 + Level 2.0 Throwing
 + Level 1.2 Armour
 + Level 0.8 Dodging
 + Level 2.0 Stealth


You had 3 spell levels left.
You didn't know any spells.

Dungeon Overview and Level Annotations

Branches:
Dungeon (4/15)             Temple (1/1) D:4

Altars:
Ashenzari
Cheibriados
Dithmenos
Elyvilon
Fedhas
Gozag
Hepliaklqana
Kikubaaqudgha
Makhleb
Nemelex Xobeh
Okawaru
Qazlal
Ru
Sif Muna
Trog
Uskayaw
Vehumet
Xom
Yredelemnul
Zin
The Shining One


Innate Abilities, Weirdness & Mutations

You sometimes gain a little power by taking damage.
You are immune to rotting.
You are very frail. (-20% HP)
((You are covered in fur. (AC +1)))


Message History

Your roots penetrate the ground.
The orc wizard casts a spell.
The orc wizard blinks!
The orc throws a tomahawk.
The tomahawk hits you but does no damage.
You closely miss the orc.
The orc is heavily wounded.
The orc hits you but does no damage. The ogre hits you but does no damage.
The orc wizard gestures wildly while chanting.
The orc wizard blinks!
You hit the orc but do no damage.
The orc is heavily wounded.
The orc hits you but does no damage. The ogre hits you with a giant club.
* * * LOW HITPOINT WARNING * * *
The orc hits you but does no damage.
You barely miss the orc.
The orc is heavily wounded.
The orc hits you with a mace.
* * * LOW HITPOINT WARNING * * *
The orc hits you but does no damage. The ogre hits you with a giant club!
You die...

#............#
#####...###....##
...##..###'#########
. ...#...#...>..# #.
#..#...#......#
#..##..#...'......#
.......#.§.#......#
.......##'#####..##
.......##o♣#######
........(Oo..(#
........#[..(.#
...##..##....## .
#.. ####+# ....
..... ...... ..##..


You could see an ogre and 2 orcs.

Vanquished Creatures
  Terence (D:2)
  2 adders
  3 dart slugs
  4 leopard geckos
  An orc (D:4)
  5 bats
  A giant cockroach (D:2)
  6 goblins
  7 hobgoblins
  2 jackals (D:1)
  A quokka (D:3)
  4 frilled lizards
  6 kobolds
  A rat (D:3)
44 creatures vanquished.

Notes
Turn   | Place    | Note
-------+----------+-------------------------------------------
     0 | D:1      | slep the Demonspawn Wanderer began the quest for the Orb.
     0 | D:1      | slep set off with: a +2 short sword, a +0 spear, 13 poisoned needles, a +0 blowgun, a +0 robe, a +0 dagger, a bread ration
     0 | D:1      | Reached XP level 1. HP: 16/16 MP: 1/1
   219 | D:1      | Gained mutation: You are immune to rotting. [demonic ancestry]
   219 | D:1      | Reached XP level 2. HP: 12/22 MP: 2/2
   221 | D:1      | Reached skill level 4 in Short Blades
   655 | D:1      | Gained mutation: You sometimes gain a little power by taking damage. [demonic ancestry]
   655 | D:1      | Reached XP level 3. HP: 17/27 MP: 3/3
   943 | D:2      | Noticed Terence
   948 | D:2      | Killed Terence
   948 | D:2      | Reached skill level 1 in Armour
  1071 | D:2      | Reached XP level 4. HP: 21/34 MP: 4/4
  1329 | D:2      | Gained mutation: You are frail. (-10% HP) [potion of mutation]
  1329 | D:2      | Gained mutation: You are very frail. (-20% HP) [potion of mutation]
  1329 | D:2      | Gained mutation: You are covered in fur. (AC +1) [potion of mutation]
  2163 | D:4      | Found a staircase to the Ecumenical Temple.
  2173 | Temple   | Entered the Ecumenical Temple
  2368 | Temple   | Became a worshipper of Cheibriados the Contemplative
  2506 | D:4      | Noticed an ogre
  2518 | D:4      | HP: 1/40 [orc/mace (3)]
  2518 | D:4      | Mangled by an ogre

Skill      XL: |  1  2  3  4 |
---------------+-------------+-----
Short Blades   | 4 |  4.6
Throwing       | 2 |  2.0
Armour         | 1 |  1.2
Stealth        | 2 |  2.0
Fighting       | |  2.4
Dodging        | |  0.8

Action                   |  1- 3 |  4- 6 || total
-------------------------+-------+-------++-------
Melee: Short sword       |   104 |       ||   104
       Spear             |    20 |    82 ||   102
  Use: Potion            |     2 |     3 ||     5
 Stab: Sleeping          |     2 |     4 ||     6
  Eat: Chunk             |       |     3 ||     3
Armor: Leather armour    |    42 |    31 ||    73
       Robe              |     1 |       ||     1
       Skin              |       |     6 ||     6
Dodge: Dodged            |    59 |    56 ||   115
